 Dungeon Crawl Stone Soup version 0.31-a0-1010-g5322dac6a2 (webtiles) character file.

Game seed: 245211997893857901

4 kae the Vexing (level 1, 0/13 HPs)
             Began as a Demonspawn Enchanter on Nov 16, 2023.
             Slain by a giant cockroach (1 damage)
             ... on level 1 of the Dungeon.
             The game lasted 00:00:07 (84 turns).

kae the Vexing (Demonspawn Enchanter)                 Turns: 84, Time: 00:00:08

Health: 0/13       AC:  2    Str:  8    XL:     1   Next: 58%
Magic:  3/3        EV: 12    Int: 16    God:
Gold:   0          SH:  0    Dex: 13    Spells: 4/4 levels left

rFire   . . .        a - +1 dagger
rCold   . . .        (no shield)
rNeg    . . .        b - +0 robe
rPois   .            (no helmet)
rElec   .            (no cloak)
rCorr   .            (no gloves)
SInv    .            (no boots)
Will    .....        (no amulet)
Stlth   ++           (no ring)
HPRegen 0.22/turn    (no ring)
MPRegen 0.08/turn

%: no passive effects
@: no status effects
A: no striking features
a: no special abilities


You were on level 1 of the Dungeon.
You visited 1 branch of the dungeon, and saw 1 of its levels.


   Skills:
 * Level 1.1 Short Blades
 - Level 1.7 Dodging
 + Level 2.7 Stealth
 + Level 2.0 Spellcasting
 + Level 3.0 Hexes


You had 4 spell levels left.
You didn't know any spells.
Your spell library contained the following spells:

 Spells                   Type           Power      Damage    Failure   Level
 Ensorcelled Hibernation  Hex/Ice        12%        N/A       17%         2
 Confusing Touch          Hex            11%        N/A       17%         3
 Tukima's Dance           Hex            11%        N/A       17%         3
 Dazzling Flash           Conj/Hex       12%        N/A       32%         3

Inventory:

Hand Weapons
 a - a +1 dagger (weapon)
Armour
 b - a +0 robe (worn)
Potions
 c - 2 potions of invisibility

Dungeon Overview and Level Annotations

Branches:
Dungeon (1/15) Zot: 5905

Altars:

#.......# #.
#.......# #.
#.......# #.
#.......#
#.##### .#
#.......#
#.....####..
#.......#
#.........#
#.......#
#)...†....#
#######B#
#.........# #@#
#.........+
#.######......#
#......'......+
########......#
#......#
#......#
#......#
###'######
#...#~~≈≈#


You could see a giant cockroach.


Message History

Will you prevail where others failed? Will you find the Orb of Zot?
Press ? for a list of commands and other information.
Found a staircase leading out of the dungeon.
You enter the shallow water.
Moving in this stuff is going to be slow.
You open the door.
There is an open door here.
A rat comes into view.
Unknown command.
A rat is nearby!
A goblin comes into view. It is wielding a +0 club.
There are monsters nearby!
There are monsters nearby!
There are monsters nearby!
The helpless goblin fails to defend itself.
You puncture the goblin!
You kill the goblin!
Your Short Blades skill increases to level 1!
A rat is nearby!
The rat bites you but does no damage.
A rat is nearby!
You hit the rat. The rat bites you.
You hit the rat.
You kill the rat! 😕 HP[-1]
You take 1 damage, and now have 12/13 hp.
You open the door.
There is an open door here.
A kobold and a goblin come into view. 😎 HP[+1]
Your hp is fully restored (13).
A kobold comes into view. It is wielding a +0 whip.
The goblin shouts!
The kobold shouts!
There are monsters nearby!
The goblin hits you with a +0 club.
You closely miss the goblin. The goblin hits you with a +0 club.
There are monsters nearby!
You are too injured to fight recklessly!
You are too injured to fight recklessly!
There are monsters nearby! 😮 HP[-4]
You take 4 damage, and now have 9/13 hp.
MASSIVE DAMAGE!! (PAUSE)
The kobold shouts!
A giant cockroach comes into view. 😕 HP[+1] 😕 HP[+1]
The goblin hits you with a +0 club. 😮 HP[-3]
You take 3 damage, and now have 8/13 hp.
MASSIVE DAMAGE!! (PAUSE)
You completely miss the goblin.
The goblin hits you with a +0 club. 😮 HP[-1]
You take 1 damage, and now have 7/13 hp.
You hit the goblin. The goblin closely misses you.
You closely miss the goblin. The goblin hits you with a +0 club.
* * * LOW HITPOINT WARNING * * *
😨 HP[-2]
You take 2 damage, and now have 5/13 hp.
You barely miss the goblin.
The goblin completely misses you. 😨 HP[+1]
You hit the goblin.
You kill the goblin!
You hit the kobold.
You kill the kobold!
You hit the kobold but do no damage. The kobold hits you but does no damage.
You hit the kobold but do no damage. The kobold hits you with a +0 whip.
* * * LOW HITPOINT WARNING * * *
You hit the kobold but do no damage. The kobold closely misses you.
You hit the kobold but do no damage. The kobold closely misses you.
You hit the kobold. The kobold hits you with a +0 whip.
* * * LOW HITPOINT WARNING * * *
You closely miss the kobold. The kobold closely misses you. 😱 HP[-5]
You take 5 damage, and now have 1/13 hp.
MASSIVE DAMAGE!! (PAUSE)
You hit the kobold.
You kill the kobold! 😱 HP[+1]
You hit the giant cockroach but do no damage.
The giant cockroach barely misses you.
You hit the giant cockroach but do no damage.
The giant cockroach closely misses you.
You barely miss the giant cockroach.
The giant cockroach bites you but does no damage.
You hit the giant cockroach.
The giant cockroach bites you but does no damage.
You hit the giant cockroach.
The giant cockroach bites you but does no damage.
The giant cockroach closely misses you. 😱 HP[+1]
You hit the giant cockroach but do no damage.
The giant cockroach bites you.
* * * LOW HITPOINT WARNING * * *
😱 HP[-2]
You take 2 damage, and now have 1/13 hp.
You barely miss the giant cockroach.
The giant cockroach bites you but does no damage.
You hit the giant cockroach. The giant cockroach bites you.
You die...

Skill      XL: |  1 |
---------------+----+-----
Short Blades   | 1 |  1.1
Dodging        | |  1.7
Stealth        | |  2.7
Spellcasting   | |  2.0
Hexes          | |  3.0

Action                     || total
---------------------------++-------
  Melee: Dagger            ||    25
   Stab: Sleeping          ||     1
 Armour: Robe              ||    16
  Dodge: Dodged            ||     8

Levels and vault maps discovered:
D:1:      ncdulo_wetmaze, layout_basic, minmay_misc_feat_tower,
          chequers_serial_rivers_room_a, chequers_serial_rivers_micro_d,
          st_stairs_13

Notes
Turn   | Place    | Note
-------+----------+-------------------------------------------
     0 | D:1      | kae the Demonspawn Enchanter began the quest for the Orb.
     0 | D:1      | Reached XP level 1. HP: 13/13 MP: 3/3
     0 | D:1      | magus.rc [v1.11.3]
    34 | D:1      | Reached skill level 1 in Short Blades
    74 | D:1      | HP: 1/13 [kobold/+0 whip (5)]
    82 | D:1      | HP: 1/13 [giant cockroach (2)]
    84 | D:1      | Slain by a giant cockroach

Vanquished Creatures
  2 goblins (D:1)
  2 kobolds (D:1)
  A rat (D:1)
5 creatures vanquished.

Table legend:
 A = Non-vault XP
 B = Vault XP
 C = Vault XP percentage of total XP
 D = Non-vault monster count
 E = Vault monster count
 F = Vault count percentage of total count
                 A         B        C        D         E       F
            +---------+---------+-------+---------+---------+-------
      Total |       7 |       0 |   0.0 |       5 |       0 |   0.0
            +---------+---------+-------+---------+---------+-------
        D:1 |       7 |       0 |   0.0 |       5 |       0 |   0.0
            +---------+---------+-------+---------+---------+-------

Skill      XL: |  1 |
---------------+----+-----
Short Blades   | 1 |  1.1
Dodging        | |  1.7
Stealth        | |  2.7
Spellcasting   | |  2.0
Hexes          | |  3.0

Action                     || total
---------------------------++-------
  Melee: Dagger            ||    25
   Stab: Sleeping          ||     1
 Armour: Robe              ||    16
  Dodge: Dodged            ||     8

Illustrated notes

Table legend:
 A = Kills in this place as a percentage of kills in the entire game.
 B = Kills by you in this place as a percentage of kills by you in the entire game.
 C = Kills by friends in this place as a percentage of kills by friends in the entire game.
 D = Other kills in this place as a percentage of other kills in the entire game.
 E = Experience gained in this place as a percentage of experience gained in the entire game.
 F = Experience gained in this place divided by the number of levels of this place that you have seen.
                   A       B       C       D       E      F
               +-------+-------+-------+-------+-------+----------------------
         Total | 100.0 | 100.0 |   N/A |   N/A | 100.0 |   7.0
       Dungeon | 100.0 | 100.0 |   N/A |   N/A | 100.0 |   7.0
               +-------+-------+-------+-------+-------+----------------------

Table legend: (Time is in decaauts)
 A = Elapsed time spent in this place.
 B = Non-inter-level travel time spent in this place.
 C = Inter-level travel time spent in this place.
 D = Time resting spent in this place.
 E = Time spent auto-exploring this place.
 F = Levels seen in this place.
 G = Mean time per level.
                   A        B        C        D        E       F      G
               +--------+--------+--------+--------+--------+-----+--------+
         Total |     93 |     93 |      0 |      0 |     52 |   1 |   93.0 |
       Dungeon |     93 |     93 |      0 |      0 |     52 |   1 |   93.0 |
               +--------+--------+--------+--------+--------+-----+--------+

Top non-repeatable levels by time:
     D:1: 93 daAuts
